Cogmind - Beta 14 @@@ ROGUE MODE // 2025.04.23 @ 21:08:54 Player: celerysam Result: Destroyed by G-47 Trooper with Particle Gun Performance ------------- Evolutions (3) 1500 Regions Visited (5) 1000 Robots Destroyed (49) 245 Value Destroyed (1621) 1621 Prototype IDs (11) 220 Alien Tech Used (0) 0 Bonus (674) 674 TOTAL SCORE: 5260 Bonus ------- High Alert Combat Kills 178 Follower Combat Kills 506 Friendly Fire -10 Cogmind --------- Core Integrity 0/700 Matter 244/300 Energy 97/100 System Corruption 16% Temperature Warm (130) Movement Core (100) Ox1 Location -7/Storage Parts ------- > --- POWER (2) -------- (None) > --- PROPULSION (4) --- (None) > --- UTILITY (4) ------ (None) > --- WEAPON (3) ------- Mini Assault Cannon > --- INVENTORY (5) ---- Micro Nuclear Core ECM Suite Advanced ECM Suite Hacking Suite Hacking Suite Peak State ------------ > --- POWER ------------ Cooled Ion Engine Improved Deuterium Engine > --- PROPULSION ------- VSS Leg Improved Titanium Leg Improved Titanium Leg Improved Titanium Leg > --- UTILITY ---------- Improved Cooling System Large Storage Unit Seismic Detector Reaction Control System > --- WEAPON ----------- Mini Assault Cannon Mini Assault Cannon Mini Assault Cannon > --- INVENTORY -------- Micro Nuclear Core Light Angular Momentum Engine Gravmag System Gravmag System Structural Scanner Transmission Jammer ECM Suite Advanced ECM Suite Shock Absorption System Hacking Suite Hacking Suite Field Laser Gatling Laser Improved EM Pulse Cannon Chainsword [Rating: 51] Favorites ----------- Power Cooled Ion Engine Engine Cooled Ion Engine Power Core Micro Nuclear Core Propulsion VSS Leg Leg VSS Leg Wheel Wheel Hover Unit Gravmag System Utility Seismic Detector Device Seismic Detector Storage Large Storage Unit Protection Backup Plating I Weapon Gatling Laser Energy Gun Gatling Laser Energy Cannon Improved EM Pulse Cannon Ballistic Gun Assault Rifle Ballistic Cannon Mini Assault Cannon Slashing Weapon Chainsword Build | -11 -10 -9 -8 -7 -7 ------- Run | Yrd Mat Mat Mat Fac Sto Slots Evolved 6 | . . 2 2 2 . Power 1 | . . . . 1 . Propulsion 2 | . . 1 1 . . Utility 2 | . . 1 1 . . Weapon 1 | . . . . 1 . Parts Attached 89 | 6 8 15 18 11 31 Power 15 | 1 2 1 6 3 2 Engine 14 | 1 2 1 6 2 2 Core 1 | . . . . 1 . Reactor . | . . . . . . Propulsion 20 | 2 2 3 5 . 8 Treads . | . . . . . . Leg 10 | . . . 5 . 5 Wheel 7 | 2 2 3 . . . Hover 3 | . . . . . 3 Flight . | . . . . . . Utility 18 | 1 2 4 5 6 . Device 10 | . 1 4 4 1 . Storage 8 | 1 1 . 1 5 . Processor . | . . . . . . Hackware . | . . . . . . Protection . | . . . . . . Artifact . | . . . . . . Weapon 36 | 2 2 7 2 2 21 Energy Gun 21 | 1 2 5 2 1 10 Energy Cannon 1 | . . . . . 1 Ballistic Gun 2 | 1 . . . . 1 Ballistic Cannon 8 | . . . . . 8 Launcher . | . . . . . . Special Weapon . | . . . . . . Impact Weapon . | . . . . . . Slashing Weapon 4 | . . 2 . 1 1 Piercing Weapon . | . . . . . . Special Melee Weapon . | . . . . . . Unidentified Prototypes 8 | . . 2 1 . 5 Parts Lost 32 | . 6 2 3 1 20 Power 4 | . 2 . . . 2 Propulsion 11 | . 1 2 1 . 7 Utility 6 | . 1 . 1 . 4 Weapon 11 | . 2 . 1 1 7 Highest Loss Streak 20 | . 4 1 3 1 20 To Critical Strikes . | . . . . . . Average Slot Usage (%) 95 | . 93 94 94 97 96 Engine 11 | . 13 11 9 8 13 Core 1 | . . . . 6 . Leg 19 | . . . 29 30 28 Wheel 10 | . 26 30 4 . . Device 18 | . 3 17 24 23 22 Storage 9 | . 14 11 9 7 6 Protection 1 | . 7 3 . . . Energy Gun 15 | . 12 18 18 17 13 Ballistic Gun 2 | . 14 1 . . . Ballistic Cannon 2 | . . . . . 5 Slashing Weapon 1 | . . 1 . 3 1 Peak Build Rating 51 | 6 8 21 30 43 51 Average Rating 30 | 4 6 17 27 38 46 On Entrance 18 | . 6 8 21 30 43 Naked Turns . | . . . . . . Heaviest Build 96 | 12 89 96 96 48 57 Greatest Support 72 | 20 20 30 51 51 72 Greatest Overweight (x) 10 | . 4 4 6 . 10 Average Overweight (x) . | . . 2 . . . Largest Inventory Capacity 25 | 8 25 25 25 20 15 Average Capacity 15 | 6 13 25 12 10 14 Most Carried 25 | 7 12 25 25 14 15 Average Carried 13 | 4 8 20 11 8 14 Final Capacity 25 | 8 25 25 8 15 5 Final Carried 25 | 6 12 25 8 14 5 Class Distribution -------------------- 53% | Mutant 14% | Commander-Tank 10% | Scavenger-Tank 8% | Infiltrator-Mutant 7% | Commander-Mutant 5% | Tank Dominant Class ---------------- Mutant | -10/Materials Mutant | -9/Materials Infiltrator-Mutant | -8/Materials Mutant | -7/Factory Commander-Tank | -7/Storage Resources | -11 -10 -9 -8 -7 -7 ----------- Run | Yrd Mat Mat Mat Fac Sto Matter Collected 1267 | 228 166 168 160 66 479 Remotely . | . . . . . . Salvage Created 2009 | . 322 572 311 66 738 Parts 100 | . 15 37 19 2 27 Haulers Intercepted 5 | . 1 1 . . 3 Recyclers Shooed 2 | . 1 . . . 1 Parts Field Recycled . | . . . . . . Retrieved Matter . | . . . . . . Parts Self-Destructed . | . . . . . . Prevented . | . . . . . . Kills | -11 -10 -9 -8 -7 -7 ------- Run | Yrd Mat Mat Mat Fac Sto Combat Hostiles Destroyed 38 | . 7 10 9 1 11 Guns 31 | . 6 9 9 1 6 Cannons 3 | . . . . . 3 AOE 1 | . 1 . . . . Classes Destroyed 11 | . 3 5 . . 3 Worker 1 | . 1 . . . . Builder 1 | . . 1 . . . Hauler 5 | . 1 1 . . 3 Recycler 2 | . . 1 . . 1 Watcher 2 | . . 1 . . 1 Swarmer 7 | . . 2 4 . 1 Grunt 16 | . 7 4 3 . 2 Brawler 1 | . . . . . 1 Duelist 1 | . . . . . 1 Sentry 10 | . . 4 2 1 3 Programmer 3 | . . . . . 3 Best Kill Streak 4 | . 4 4 3 1 3 Combat Bots Only 3 | . 2 2 3 1 1 Max Kills in Single Turn 2 | . 2 1 1 1 2 Gunslinging . | . . . . . . Exploded 1 | . 1 . . . . Melee . | . . . . . . Uniques/NPCs Destroyed . | . . . . . . Combat | -11 -10 -9 -8 -7 -7 -------- Run | Yrd Mat Mat Mat Fac Sto Hostile Shots Fired 377 | . 56 53 40 27 201 Missed 117 | . 16 21 11 16 53 Damage Taken 4219 | . 681 422 419 80 2617 Core 1105 | . 235 37 118 . 715 Absorbed by Shields . | . . . . . . Core Remaining (%) 68 | 100 6 90 78 . . Volleys Fired 141 | . 35 28 19 4 55 Largest 3 | . 2 2 2 3 3 Hottest 218 | . 85 112 136 193 218 Shots Fired 314 | . 68 52 37 9 148 Gun 261 | . 68 52 37 9 95 Cannon 53 | . . . . . 53 Launcher . | . . . . . . Special . | . . . . . . Kinetic 74 | . 35 . . . 39 Thermal 216 | . 33 52 28 8 95 Explosive . | . . . . . . Electromagnetic 24 | . . . 9 1 14 Robot Hit Streak 20 | . 6 10 8 3 20 Robot Miss Streak 8 | . 3 2 6 4 8 Penetration Max . | . . . . . . Secondary Targets 3 | . . 2 . . 1 Max Gunslinging Chain 1 | . . 1 . . 1 Shots Hit Robots 183 | . 43 39 20 4 77 Core Hits 109 | . 17 18 16 3 55 Critical Kills . | . . . . . . Critical Parts Destroyed . | . . . . . . Critical Strikes 10 | . 2 4 . . 4 Burn 9 | . 2 4 . . 3 Corrupt 1 | . . . . . 1 Melee Attacks 5 | . . 4 . 1 . Impact . | . . . . . . Slashing 5 | . . 4 . 1 . Piercing . | . . . . . . Sneak Attacks . | . . . . . . Combat Hostiles . | . . . . . . Follow-up Attacks . | . . . . . . Damage Inflicted 4060 | . 745 675 413 78 2149 Guns 3137 | . 593 675 413 78 1378 Cannons 737 | . . . . . 737 Explosions 152 | . 152 . . . . Melee . | . . . . . . Ramming 34 | . . . . . 34 Kinetic 923 | . 295 . . . 628 Thermal 2780 | . 298 675 351 78 1378 Explosive 152 | . 152 . . . . Electromagnetic 171 | . . . 62 . 109 Impact . | . . . . . . Slashing . | . . . . . . Piercing . | . . . . . . Highest Corruption 16 | . . . . . 16 Average Corruption 3 | . . . . . 3 Corruption Purged . | . . . . . . Corruption Blocked . | . . . . . . Effects 5 | . . . . . 5 Message Errors 3 | . . . . . 3 Alerts 1 | . . . . . 1 Misdirections 1 | . . . . . 1 Overload Shots . | . . . . . . Overflow Damage 123 | . 123 . . . . Projectiles . | . . . . . . Explosions 123 | . 123 . . . . Melee . | . . . . . . Knockbacks 9 | . . . . . 9 Impact 1 | . . . . . 1 Kinetic 6 | . . . . . 6 Secondary 2 | . . . . . 2 Self-Inflicted Damage 176 | . 170 . . . 6 Shots 2 | . 2 . . . . Rammed 4 | . . . . . 4 Targets Rammed 6 | . . . . . 6 Kicked 2 | . . . . . 2 Crushed . | . . . . . . Highest Temperature 591 | . 196 69 188 152 591 Average Temperature 125 | . 62 23 56 87 228 Received Heat Transfer 1602 | . 300 165 216 18 903 Effects 16 | . . . . . 16 Shutdowns 3 | . . . . . 3 Energy Bleed 1 | . . . . . 1 Interference 4 | . . . . . 4 Matter Decay 1 | . . . . . 1 Short Circuit 1 | . . . . . 1 Damage (minor) 2 | . . . . . 2 Damage (major) 3 | . . . . . 3 Damage (core) 1 | . . . . . 1 Siege Activations . | . . . . . . Robots Corrupted . | . . . . . . Combat Hostiles . | . . . . . . Parts Fried 1 | . . . . . 1 Impact Corruptions . | . . . . . . Robots Melted 3 | . . 1 . . 2 Combat Hostiles 3 | . . 1 . . 2 Parts Melted 20 | . 2 7 . 1 10 Heat Transferred 6053 | . 962 1776 784 174 2357 Parts Sabotaged . | . . . . . . Parts Stolen . | . . . . . . Parts Stripped . | . . . . . . Power Chain Reactions . | . . . . . . Alert | -11 -10 -9 -8 -7 -7 ------- Run | Yrd Mat Mat Mat Fac Sto Peak Influence 927 | . 230 372 325 183 927 Initial 147 | . . 96 104 147 83 Average 343 | . 129 214 201 167 613 Maximum Alert Level 3 | . 1 1 1 . 3 Low Security (%) 46 | 100 82 38 61 100 10 Level 1 22 | . 17 61 38 . 9 Level 2 11 | . . . . . 30 Level 3 18 | . . . . . 48 Level 4 . | . . . . . . Level 5 . | . . . . . . High Security . | . . . . . . Max Security . | . . . . . . Squads Dispatched 12 | . 1 3 . 1 7 Investigation 2 | . . . . . 2 Extermination 2 | . . . . . 2 Reinforcement 6 | . 1 3 . 1 1 Assault 2 | . . . . . 2 Garrison . | . . . . . . Intercept . | . . . . . . Searches Triggered . | . . . . . . Construction Impeded . | . . . . . . Haulers Reinforced . | . . . . . . Active Scanning Responses . | . . . . . . Cargo Convoy Interrupts . | . . . . . . Stealth | -11 -10 -9 -8 -7 -7 --------- Run | Yrd Mat Mat Mat Fac Sto Distress Signals 5 | . 2 1 1 . 1 Communications Jammed . | . . . . . . Distress Signals . | . . . . . . Times Spotted 73 | . 12 15 10 2 34 Peak Tracking Total 9 | . 3 4 4 1 9 Tactical Retreats 3 | . 1 1 1 . . Traps | -11 -10 -9 -8 -7 -7 ------- Run | Yrd Mat Mat Mat Fac Sto Traps Triggered 3 | . . . . . 3 Indirectly . | . . . . . . Trap Hack Attempts . | . . . . . . Triggered . | . . . . . . Disarmed . | . . . . . . Reprogrammed . | . . . . . . Reused . | . . . . . . Traps Extracted . | . . . . . . Installed . | . . . . . . Triggered . | . . . . . . Machines | -11 -10 -9 -8 -7 -7 ---------- Run | Yrd Mat Mat Mat Fac Sto Machines Disabled 5 | . 3 . . . 2 Max in Single Turn 3 | . 3 . . . 1 Machines Repaired . | . . . . . . Machines Dismantled . | . . . . . . Machines Sabotaged . | . . . . . . Overloaded Fab Kills . | . . . . . . Hacking | -11 -10 -9 -8 -7 -7 --------- Run | Yrd Mat Mat Mat Fac Sto Machines Accessed 22 | . 6 3 1 . 12 Terminals 18 | . 4 3 . . 11 Fabricators . | . . . . . . Repair Stations 1 | . 1 . . . . Recycling Units 2 | . 1 . . . 1 Scanalyzers 1 | . . . 1 . . Garrison Access . | . . . . . . Total Hacks 43 | . 13 5 2 . 23 Successful 26 | . 7 4 2 . 13 Failed 17 | . 6 1 . . 10 Catastrophic 1 | . . . . . 1 Database Lockouts . | . . . . . . Manual 15 | . 6 4 . . 5 Terminals 34 | . 9 5 . . 20 Fabricators . | . . . . . . Repair Stations 2 | . 2 . . . . Recycling Units 5 | . 2 . . . 3 Scanalyzers 2 | . . . 2 . . Garrison Access . | . . . . . . Terminal Hacks 11 | . 1 1 . . 9 Record 1 | . . . . . 1 Prototype ID Bank 1 | . . . . . 1 Open Door 6 | . . . . . 6 Alert Level 3 | . 1 1 . . 1 Fabricator Hacks . | . . . . . . Repair Station Hacks 1 | . 1 . . . . Refit 1 | . 1 . . . . Recycling Unit Hacks 4 | . 2 . . . 2 Report Inventory 2 | . 1 . . . 1 Retrieve Components 2 | . 1 . . . 1 Scanalyzer 2 | . . . 2 . . Insert Component 1 | . . . 1 . . Analyze 1 | . . . 1 . . Garrison Access Hacks . | . . . . . . Unauthorized Hacks 8 | . 3 3 . . 2 Terminals 8 | . 3 3 . . 2 Assimilate 2 | . 1 1 . . . Botnet 6 | . 2 2 . . 2 Fabricators . | . . . . . . Repair Stations . | . . . . . . Recycling Units . | . . . . . . Scanalyzers . | . . . . . . Garrison Access . | . . . . . . Data Cores Recovered . | . . . . . . Used . | . . . . . . Hacking Detections 10 | . 4 2 . . 4 Full Trace Events 2 | . . . . . 2 Feedback Events . | . . . . . . Feedback Blocked . | . . . . . . Robot Schematics Acquired . | . . . . . . Robots Built . | . . . . . . Authchips . | . . . . . . Time . | . . . . . . Total Robot Build Rating . | . . . . . . Part Schematics Acquired 1 | . . . 1 . . Parts Built . | . . . . . . Authchips . | . . . . . . Time . | . . . . . . Total Part Build Rating . | . . . . . . Parts Repaired . | . . . . . . Time . | . . . . . . Parts Recycled . | . . . . . . Recycled Matter . | . . . . . . Retrieved Matter . | . . . . . . Retrieved Components 13 | . 3 . . . 10 Parts Scanalyzed 1 | . . . 1 . . Part Schematics Acquired 1 | . . . 1 . . Parts Damaged 1 | . . . 1 . . Bothacking | -11 -10 -9 -8 -7 -7 ------------ Run | Yrd Mat Mat Mat Fac Sto Used RIF Installer . | . . . . . . Robots Hacked . | . . . . . . Non-combat . | . . . . . . Combat . | . . . . . . Robot Hacks Applied . | . . . . . . Relay Couplers Released . | . . . . . . Fabnet Peak Effective % . | . . . . . . Robots Rewired . | . . . . . . Allies Hacked 1 | . . . . . 1 Hacks Repelled . | . . . . . . Allies | -11 -10 -9 -8 -7 -7 -------- Run | Yrd Mat Mat Mat Fac Sto Total Allies 16 | . 1 . . . 15 Largest Group 12 | . 1 1 . . 12 Highest-Rated Group 248 | . 10 10 . . 248 Highest-Rated Ally 31 | . 10 10 . . 31 Total Orders . | . . . . . . Ally Attacks 150 | . . . . . 150 Total Damage 2104 | . . . . . 2104 Kills 21 | . . . . . 21 Allies Corrupted 1 | . . 1 . . . Allies Melted . | . . . . . . Intel | -11 -10 -9 -8 -7 -7 ------- Run | Yrd Mat Mat Mat Fac Sto Robot Analysis Total . | . . . . . . Derelict Logs Recovered . | . . . . . . Drone Launches . | . . . . . . Drone Recoveries . | . . . . . . Exploration | -11 -10 -9 -8 -7 -7 ------------- Run | Yrd Mat Mat Mat Fac Sto Turns Passed 2638 | 53 387 479 356 347 1016 Spaces Moved 1663 | 47 230 267 218 312 589 Core 16 | 6 . . . . 10 Treads . | . . . . . . Legs 1083 | . . . 192 312 579 Wheels 564 | 41 230 267 26 . . Hover . | . . . . . . Flight . | . . . . . . Fastest Speed 50 | 50 80 110 97 97 97 Average Speed 111 | 76 94 124 109 97 123 Slowest Speed 550 | 80 140 140 540 97 550 Overloaded Moves . | . . . . . . Propulsion Burnouts . | . . . . . . Robots Hopped . | . . . . . . Cave-ins Triggered . | . . . . . . Exploration Rate (%) 34 | 4 52 30 25 8 87 Regions Visited 5 Branch Regions 1 Pre-discovered Areas . | . . . . . . Known Exits Taken . | . . . . . . Unknown Exits Taken 5 | 1 1 1 1 1 . Scrap Searched . | . . . . . . Spaces Dug 4 | . . 3 . 1 . Terrain Destroyed 44 | . 29 3 . 1 11 Melee 4 | . . 3 . 1 . Projectile 11 | . . . . . 11 AOE 29 | . 29 . . . . Terrain Rammed . | . . . . . . Walls Destroyed . | . . . . . . Machines Disabled . | . . . . . . Actions | -11 -10 -9 -8 -7 -7 --------- Run | Yrd Mat Mat Mat Fac Sto Total 2156 | 62 333 361 303 346 751 Wait 96 | . 42 6 16 . 32 Move 1658 | 46 229 266 217 311 589 Hop . | . . . . . . Pick Up 81 | 10 14 28 10 13 6 Fast Attach 17 | 2 1 1 2 . 11 Attach 23 | 4 4 4 3 3 5 Detach . | . . . . . . Swap 49 | . 3 10 13 8 15 Drop 71 | . 5 14 23 6 23 Fire 141 | . 35 28 19 4 55 Melee 5 | . . 4 . 1 . Ram 5 | . . . . . 5 Kick 2 | . . . . . 2 Crush . | . . . . . . Escape Stasis 8 | . . . . . 8 Rewire . | . . . . . . Trap . | . . . . . . Miscellaneous . | . . . . . . Route ------- -11/Scrapyard -10/Materials -9/Materials (discovered 2 exits: *Mat / [*Min]) -8/Materials -7/Factory -7/Storage (discovered 1 exit: [*Fac]) History --------- Turn | Location | Event 9 | -11/Scrapyard | Discovered new exit (range 15) 54 | -11/Scrapyard | Entered Materials 178 | -10/Materials | Core integrity fell below 50% 206 | -10/Materials | Core integrity fell below 20% 236 | -10/Materials | Lost 4 parts (1p1n1u1w) 331 | -10/Materials | Build established: Mutant 416 | -10/Materials | Discovered new exit (range 7) 441 | -10/Materials | Entered another Materials area 441 | -9/Materials | Accompanied by 1 ally 441 | -9/Materials | Evolved 2 slots: Propulsion x1, Utility x1 698 | -9/Materials | Discovered new exit (range 11) 881 | -9/Materials | Discovered new exit (range 16) 920 | -9/Materials | Entered another Materials area 920 | -8/Materials | Evolved 2 slots: Propulsion x1, Utility x1 1009 | -8/Materials | Lost 3 parts (1n1u1w) 1253 | -8/Materials | Discovered new exit (range 3) 1276 | -8/Materials | Entered Factory 1276 | -7/Factory | Evolved 2 slots: Power x1, Weapon x1 1568 | -7/Factory | Discovered new exit (range 13) 1623 | -7/Factory | Entered Storage 1671 | -7/Storage | Assisted by bots powering up and referring to "LRC-V3" 2174 | -7/Storage | Build established: Commander-Tank 2254 | -7/Storage | Lost 5 allies 2269 | -7/Storage | Discovered new exit (range 15) 2446 | -7/Storage | Lost 5 allies 2488 | -7/Storage | Met a pair of Derelict thieves 2610 | -7/Storage | Core integrity fell below 50% 2625 | -7/Storage | System corruption reached 10% 2626 | -7/Storage | Core integrity fell below 20% 2639 | -7/Storage | Destroyed by G-47 Trooper with Particle Gun Last Messages --------------- 02624_ Dropped Lrg. Storage Unit. 02624_ Chainsword crushed and broken. 02624_ Mni. Assault Cannon crushed and broken. 02624_ Transmission Jammer crushed and broken. 02624_ Plasma Cutter crushed and broken. 02625_ Slammed into G-50 Soldier. 02626_ Slammed into G-47 Trooper. 02627_ Seismic Detector destroyed. 02627_ Gravmag System destroyed. 02627_ System corrupted by crushing effect (+3). 02627_ System corrupted by crushing effect (+2). 02628_ 5 KMFJ4ZKTLFO/YX&V05R38EAVGPP68=VQ 02628_ Slammed into G-47 Trooper. 02629_ Acquired 36 matter. 02629_ Slammed into M-28 Smith. 02629_ Gravmag System destroyed. 02629_ Critical hit (Burn: +37). 02636_ Connecting with Door Terminal... >>Open(Door) Sealed Heavy Doors opened. Map ----- +----------------------------------------------------+ | ?????????????????????????????####### | | ??????????????????????####### [ | | ?????????????????????# # | | ?????????????????????# # """ "" | | ??????????############ # """ "" | | ??????????# + # """ "" | | ??????????# = ########? ? | | ??????????# !%*##% ####+### | | ??????????# !*%!= = =% | | ??????????#############% % | | ??????????????????????# %[ | | ??????????????????????# %% ######## | | ????????????????????#####+#####????? | | ?????????????????#### % #????? | | ?????????????????# "" "" ###### | | ?????????????????#""" " # | | ?????????????????#"T "" " " # | | ?????????????????#""" """=""" + % | | ?????????????????# "" """*""" # | | ?????????????????#### !]*=! # | | ????????#????###????# ** !! |## # | | ????????# ???#[#????###"Y"## ### # | | ????????+ ??## #??????#"""####?# # | | ????????# ?#T #????#######????# # | | ????????# ###+###### #######%% # | | ????????# @ # | | ????????# g u # | | ????????########g#### ####### # | | ??????????#####% ## % ####???# %/ | | ??????????#]][[%!# #???# # | | ??????????#[[[ !%# #???##### | | ??????????#####T"# #???????? | | ??????????????#### * #???????? | | ?????????????????## " ######### | | ??????????????????# """ ## | | ??????????????????# ## """ | | ??????????????????# #????"""" | | ??????????????????# ##????"[" | | ??????????????????###" ""#### ???"[" | | ?????????????????????"R""#??# """"[ | | ?????????????????????""" #??# " " | | ?????????????????????####???# | | ???????????????????????#########"+## | | ?????????????????????# + # | | ?????????????????????# # / | | ?????????????????????#! # # | | ?????????????????????# # # | | ?????????????????????# + / | | ?????????????????????# ??# # | | ?????????????????????# ??# # | +----------------------------------------------------+ Best States ------------- Heat Dissipation 61 Energy Generation 36 Energy Capacity 470 Matter Stores 300 Matter Capacity 300 Sight Range 16 Terrain Scan Range 14 Terrain Scan Density 10 ECM Strength 1 Armor Coverage 80 Evasion (%) 63 Item Schematics ----------------- Aerolev Unit | -8/Materials | Scanalyzed Robot Schematics ------------------ None Fabricated ------------ Nothing Alien Tech Used ----------------- None Achievements -------------- None Challenges ------------ None Game ------ Seed PulseShadingLoader Manual? 0 Play Time 00:43:45 Cumulative 218.8 hours Start 2025.04.23 @ 20:21:18 End 2025.04.23 @ 21:08:54 Sessions 1 Manual Loads 0 Difficulty Rogue Special Mode None Game No. 315 Rogue 315 Adventurer 0 Explorer 0 Win Type - Total 1 Types 1/0/0/0/0/0/0/0/0 Lore% 34 Gallery% 63 Achievement% 42 Wizard Run 0 Options --------- Layout 1 ASCII 0 Keyboard 0 Movement Mouse Keybinds 0 Fullscreen 2 Font 24/Smallcaps Map View 50x35 Zoom Use 0% Tactical HUD 1 Map Filters NONE Filters NONE Steam 1 RUN: df53fff0-16fc-4454-a6b7-cf4dac7cf6cf